 Dungeon Crawl Stone Soup version 0.30-a0-222-ge547ba4400 (webtiles) character file.

Game seed: 10472488946110455026

8879 Ayihk420 the Protected (level 11, -12/71 HPs)
             Began as a Tengu Reaver on Oct 8, 2022.
             Was a Priest of Ru.
             Mangled by a komodo dragon (16 damage)
             ... on level 1 of the Lair of Beasts.
             The game lasted 00:40:50 (12528 turns).

Ayihk420 the Protected (Tengu Reaver)              Turns: 12528, Time: 00:40:51

Health: -12/71     AC: 24    Str: 15    XL:     11   Next: 37%
Magic:  15/15      EV: 10    Int: 13    God:    Ru [***...]
Gold:   813        SH:  5    Dex: 15    Spells: 13/14 levels left

rFire   + + +      SeeInvis .    k - +10 lance "Wyrmbane" {slay drac, rPois rF+ rC+ AC+3}
rCold   + + +      Faith    .    (no shield)
rNeg    . . .      Spirit   .    P - +1 plate armour {rC+}
rPois   +          Reflect  +    (helmet restricted)
rElec   +          Harm     .    (no cloak)
rCorr   +          Rampage  .    y - +0 pair of gloves
Will    .....                    (boots unavailable)
Stlth   ..........               h - amulet of reflection
HPRegen 0.31/turn                b - +4 ring of protection
MPRegen 0.14/turn                w - ring of Scepticism {rF+ rC+}

@: mighty, resistant, afraid, frozen, attractive, flying quickly and evasively,
unable to read, slow
A: beak, talons 3, inability to read after injury 2, hated by all, nimble flight
a: Renounce Religion, Draw Out Power


You were on level 1 of the Lair of Beasts.
You worshipped Ru.
Ru was most pleased with you.
You visited 2 branches of the dungeon, and saw 11 of its levels.

You collected 813 gold pieces.

Inventory:

Hand Weapons
 a - a +1 falchion of flaming
 k - the +10 lance "Wyrmbane" (weapon) {slay drac, rPois rF+ rC+ AC+3}
   (You took it off Maggie on level 8 of the Dungeon)

   It inflicts extra damage against dragons and draconians.
   AC:        It affects your AC (+3).
   rF:        It protects you from fire.
   rC:        It protects you from cold.
   rPois:     It protects you from poison.
 n - a +1 short sword of venom
 t - a +0 dagger of venom
 x - a +0 halberd
 I - a +0 vorpal scimitar
 N - a +2 demon whip of draining
Missiles
 g - 23 poisoned darts
 r - a throwing net
 u - 86 stones (quivered)
 B - 3 boomerangs
 G - 3 curare-tipped darts
Armour
 y - a +0 pair of gloves (worn)
 P - a +1 plate armour of cold resistance (worn)
Jewellery
 b - a +4 ring of protection (left hand)
 c - an amulet of faith
 h - an amulet of reflection (around neck)
 p - an amulet of the acrobat
 s - a ring of protection from cold
 w - the ring of Scepticism (right hand) {rF+ rC+}
   (You acquired it on level 7 of the Dungeon)

   [ring of protection from fire]

   rF:        It protects you from fire.
   rC:        It protects you from cold.
 F - an amulet of magic regeneration
 J - a ring of poison resistance
 M - a ring of fire
Wands
 f - a wand of roots (16)
 D - a wand of flame (30)
 L - a wand of polymorph (8)
Scrolls
 m - 6 scrolls of teleportation
 o - a scroll of poison
 q - a scroll of amnesia
 z - a scroll of fear
Potions
 e - a potion of resistance
 i - 3 potions of flight
 l - 4 potions of haste
 A - 2 potions of lignification
 C - a potion of brilliance


   Skills:
 + Level 9.5 Fighting
 - Level 6.0 Long Blades
 + Level 11.1 Armour
 * Level 10.7 Dodging
 - Level 2.1 Spellcasting
 - Level 4.2 Conjurations


You had 13 spell levels left.
You knew the following spells:

 Your Spells              Type           Power      Damage    Failure   Level
a - Kiss of Death         Conj/Necr      24%        2d7       98%         1

Your spell library contained the following spells:

 Spells                   Type           Power      Damage    Failure   Level
 Foxfire                  Conj/Fire      24%        2x1d5     98%         1
 Momentum Strike          Conj/Tloc      12%        3d8       99%         2
 Necrotise                Necr           4%         1d4       100%        1
 Slow                     Hex            4%         N/A       100%        1
 Confusing Touch          Hex            1%         N/A       100%        3
 Hailstorm                Conj/Ice       6%         3d4       100%        3
 Stone Arrow              Conj/Erth      12%        3d7       100%        3
 Vampiric Draining        Necr           1%         2d6       100%        3
 Agony                    Necr           1%         N/A       100%        5
 Fireball                 Conj/Fire      3%         3d4       100%        5
 Starburst                Conj/Fire      3%         6d3       100%        6
 Lehudib's Crystal Spear  Conj/Erth      3%         10d2      100%        8
 Animate Armour           Summ/Erth      Unusable   N/A       N/A         4

Dungeon Overview and Level Annotations

Branches:
Dungeon (10/15)            Temple (0/1) D:4            Lair (1/5) D:10
    Orc: D:9-12

Altars:
Gozag
Qazlal
Ru
Trog
Wu Jian
The Shining One

Shops:
D:9 *

Annotations:
Lair:1 1 transporter, stil's ghost, journeyman FoHs


Innate Abilities, Weirdness & Mutations

You have a beak for a mouth.
You have claws for feet.
You sometimes lose the ability to read scrolls when taking damage.
You are hated by all.
Your magical nature lets you fly swiftly and evasively.


Message History

You kill the lindwurm!
The komodo dragon barely misses you.
The rime drake bites you but does no damage.
The polar bear bites you! The polar bear barely misses you.
The polar bear claws you but does no damage.
You feel better.
The komodo dragon is no longer blind.
The rime drake barely misses you.
The komodo dragon bites you but does no damage.
The polar bear bites you but does no damage.
The polar bear completely misses you.
The polar bear claws you but does no damage.
Stil's ghost is stunned by your conviction and fails to attack.
You feel very mighty all of a sudden. The ice encasing you melts away.
The rime drake closely misses you. You block the komodo dragon's attack.
The polar bear bites you. The polar bear closely misses you. x2
Stil's ghost hits you.
The rime drake bites you but does no damage.
You are too injured to fight recklessly!
You are too injured to fight recklessly!
You puncture stil's ghost! Your kick misses stil's ghost.
Stil's ghost is moderately damaged.
The komodo dragon is stunned by your conviction and fails to attack.
The polar bear barely misses you.
The polar bear claws you but does no damage.
The polar bear claws you. Stil's ghost hits you!
* * * LOW HITPOINT WARNING * * *
The rime drake misses you.
The komodo dragon bites you but does no damage.
You puncture stil's ghost!
Stil's ghost is moderately damaged.
The polar bear begins to attack, but is stunned by your conviction!
Stil's ghost hits you but does no damage.
The rime drake breathes ice at you. The flash freeze hits you!
You partially resist.
* * * LOW HITPOINT WARNING * * *
You are encased in ice.
You focus your inner power and slow the rime drake in retribution!
The komodo dragon bites you!
You die...

............. .
.....©..... . ..
######### .. ..# 8(?!$.8
#.. ..#. ..... .#.. .
#..#...#..# .
#..#.#.....#.#..
#..#...l@....#..
#..#.#.Wkh.#.#..
#..#..#...#.$#..
##..#©........#..
########P..##8.....8##..
............#########...
................©.......
........................
........................


You could see a polar bear, a komodo dragon, a rime drake (slow, catching
breath) and stil's ghost (scary).

Vanquished Creatures
  A fire dragon (D:9)
  A boulder beetle (Lair:1)
  A lindwurm (Lair:1)
  The ghost of Smoky173 the Slasher, a novice MfGl of Trog (D:5)
  An elephant (D:10)
  The ghost of Smoky173 the Artisan of Death, a novice DsNe of Kikubaaqudgha (D:5)
  The ghost of Malachi the Slasher, a novice GnRe of Jiyva (D:5)
  Maggie (D:8)
  A komodo dragon (Lair:1)
  A troll (D:9)
  Grinder (D:5)
  The ghost of crabbyslav the Magician, an amateur OpWn (D:5)
  Prince Ribbit (D:7)
  6 yaks
  A wyvern (D:8)
  A basilisk (D:10)
  3 acid dragons
  2 water moccasins (D:7)
  4 black bears
  An ice beast (D:6)
  An orc warrior (D:7)
  An ogre (D:6)
  A centaur (D:9)
  A phantom (D:7)
  2 kobold brigands (D:9)
  2 gnoll sergeants
  3 bullfrogs
  3 scorpions
  A necrophage (D:8)
  10 killer bees
  An electric eel (D:6)
  2 hounds
  3 jellies
  An orc priest (D:3)
  A gnoll bouda (D:6)
  2 iguanas
  Ijyb (D:5)
  6 orc wizards
  10 adders
  12 gnolls
  A shadow imp (D:7)
  A worm (D:2)
  2 dart slugs (D:3)
  20 orcs
  11 ball pythons
  7 endoplasms
  6 giant cockroaches
  6 goblins
  10 hobgoblins
  2 quokkas (D:3)
  6 frilled lizards
  13 kobolds
  10 rats
190 creatures vanquished.

Vanquished Creatures (others)
  A two-headed ogre (D:10)
  A komodo dragon (Lair:1)
  A killer bee (D:9)
  17 fungi
  7 plants
  2 toadstools (D:5)
  2 withered plants (D:5)
31 creatures vanquished.

Grand Total: 221 creatures vanquished

Notes
Turn   | Place    | Note
-------+----------+-------------------------------------------
     0 | D:1      | Ayihk420 the Tengu Reaver began the quest for the Orb.
     0 | D:1      | Reached XP level 1. HP: 12/12 MP: 4/4
   157 | D:1      | Reached XP level 2. HP: 9/17 MP: 6/6
   591 | D:1      | Reached skill level 1 in Armour
   592 | D:1      | Reached XP level 3. HP: 14/22 MP: 7/7
  1117 | D:1      | Found a faded altar of an unknown god.
  1840 | D:2      | Found an ornate altar of the Wu Jian Council.
  1948 | D:2      | Reached skill level 2 in Armour
  2019 | D:2      | Reached XP level 4. HP: 24/27 MP: 8/8
  2398 | D:3      | Found an opulent altar of Gozag.
  2402 | D:3      | Reached skill level 3 in Armour
  2402 | D:3      | Gained mutation: Your magical nature lets you fly swiftly
                  | and evasively. [Tengu growth]
  2402 | D:3      | Reached XP level 5. HP: 32/32 MP: 9/9
  2405 | D:3      | Found a bloodstained altar of Trog.
  2405 | D:3      | Found a glowing golden altar of the Shining One.
  2414 | D:3      | Found a sacrificial altar of Ru.
  2585 | D:3      | Became a worshipper of Ru the Awakened
  2966 | D:4      | Reached XP level 6. HP: 37/37 MP: 10/10
  3463 | D:4      | Found a staircase to the Ecumenical Temple.
  3650 | D:4      | Reached skill level 4 in Armour
  3996 | D:5      | Entered Level 5 of the Dungeon
  4112 | D:5      | Gained mutation: You are hated by all. [Ru sacrifice]
  4112 | D:5      | Reached * piety under Ru
  4117 | D:5      | Noticed Grinder
  4132 | D:5      | Killed Grinder
  4133 | D:5      | Reached skill level 5 in Armour
  4133 | D:5      | Reached XP level 7. HP: 8/43 MP: 11/11
  4325 | D:5      | Noticed Ijyb
  4342 | D:5      | Killed Ijyb
  4634 | D:5      | Found a runed translucent gate.
  4634 | D:5      | Found a runed translucent gate.
  4635 | D:5      | Noticed Smoky173's ghost (novice MfGl)
  4636 | D:5      | Found a runed translucent gate.
  4636 | D:5      | Noticed crabbyslav's ghost (amateur OpWn)
  4636 | D:5      | Noticed Smoky173's ghost (novice DsNe)
  4636 | D:5      | Noticed Malachi's ghost (novice GnRe)
  5097 | D:5      | Reached skill level 6 in Armour
  5097 | D:5      | Reached skill level 5 in Dodging
  5594 | D:6      | Reached XP level 8. HP: 43/48 MP: 12/12
  6306 | D:6      | Reached skill level 5 in Fighting
  6355 | D:6      | Reached skill level 7 in Armour
  7153 | D:7      | Noticed Prince Ribbit
  7160 | D:7      | Killed Prince Ribbit
  7467 | D:7      | Reached XP level 9. HP: 45/55 MP: 13/13
  7469 | D:7      | Gained mutation: You occasionally lose the ability to read
                  | scrolls when taking damage. [Ru sacrifice]
  7469 | D:7      | Gained mutation: You sometimes lose the ability to read
                  | scrolls when taking damage. [Ru sacrifice]
  7469 | D:7      | Reached ** piety under Ru
  7469 | D:7      | Reached *** piety under Ru
  7846 | D:7      | Reached skill level 5 in Long Blades
  7846 | D:7      | Reached skill level 8 in Armour
  8637 | D:7      | Identified a scroll of acquirement
  8637 | D:7      | Acquired the ring of Scepticism {rF+ rC+}
  8988 | D:8      | Identified the +5 short sword of Analysis {vorpal, rPois
                  | rC+ Str+2}
  9088 | D:8      | Noticed Maggie
  9102 | D:8      | Killed Maggie
  9553 | D:9      | Found a stormy altar of Qazlal.
  9659 | D:9      | Reached skill level 9 in Armour
  9659 | D:9      | Reached XP level 10. HP: 41/63 MP: 14/14
  9943 | D:9      | Noticed a fire dragon
  9963 | D:9      | Killed a fire dragon
 10195 | D:9      | Found a faded altar of an unknown god.
 10197 | D:9      | Found a faded altar of an unknown god.
 10994 | D:9      | Found Ubrek's Assorted Antiques.
 11167 | D:5      | Killed crabbyslav's ghost
 11168 | D:5      | Reached skill level 10 in Armour
 11172 | D:5      | Killed Malachi's ghost
 11180 | D:5      | Killed Smoky173's ghost
 11195 | D:5      | Killed Smoky173's ghost
 11578 | D:10     | Entered Level 10 of the Dungeon
 11661 | D:10     | Noticed a two-headed ogre
 11670 | D:10     | Killed a two-headed ogre
 11671 | D:10     | Reached XP level 11. HP: 54/71 MP: 15/15
 11829 | D:10     | Found a staircase to the Lair.
 11836 | D:10     | Reached skill level 10 in Dodging
 12025 | Lair:1   | Entered Level 1 of the Lair of Beasts
 12168 | Lair:1   | Noticed a boulder beetle
 12207 | Lair:1   | Killed a boulder beetle
 12208 | Lair:1   | Reached skill level 11 in Armour
 12486 | Lair:1   | Found a transporter.
 12489 | Lair:1   | Noticed stil's ghost (journeyman FoHs)
 12490 | Lair:1   | Found a transporter.
 12492 | Lair:1   | Noticed a lindwurm
 12524 | Lair:1   | Killed a lindwurm
 12528 | Lair:1   | Mangled by a komodo dragon

Illustrated notes

Levels and vault maps discovered:
D:1:      ncdulo_lavacross, layout_loops_corners,
          chequers_ecumenical_altar_grove, dreamdust_mushroom_princess
D:2:      layout_rooms, basic_altar
D:3:      layout_rooms, nicolae_overflow_quartered_altars
D:4:      layout_layer_cave, minmay_temple_entry_drinking_statues,
          lightli_minifort
D:5:      layout_basic, gammafunk_ghost_cemetery, minmay_gold_behind_fungi,
          uniq_ijyb, uniq_grinder
D:6:      layout_loops_ring, serial_bayou_ford_a
D:7:      layout_layer_cave, uniq_prince_ribbit1
D:8:      layout_gridville, uniq_maggie
D:9:      dragon1_lemuel, layout_stronghold, nicolae_qazlal_scattered_showers,
          nicolae_hepliaklqana_ecumenical_no_more, serial_shops,
          nicolae_take_the_stairs, nicolae_fountain_basement
D:10:     layout_loops_ring, david_lair_generic
Lair:1:   layout_cellular_growth, gammafunk_ghost_arena, grunt_megastairs_5

Skill      XL: |  1  2  3  4  5  6  7  8  9 10 11 |
---------------+----------------------------------+-----
Armour         | 1 2 3 5 6 7 9 10 11 | 11.1
Dodging        | 3 4 5 6 7 9 10 | 10.7
Fighting       | 3 4 5 7 9 |  9.5
Long Blades    | 4 6 |  6.0
Spellcasting   | |  2.1
Conjurations   | |  4.2

Action                   |  1- 3 |  4- 6 |  7- 9 | 10-12 || total
-------------------------+-------+-------+-------+-------++-------
Melee: Falchion          |   133 |   108 |   255 |       ||   496
       Kick              |    42 |    33 |    72 |    71 ||   218
       Peck              |    28 |    18 |    62 |    47 ||   155
       Punch             |     2 |     2 |     5 |     3 ||    12
       Lance             |       |       |    23 |   218 ||   241
Throw: Stone             |    31 |    11 |    20 |     1 ||    63
       Dart              |       |     5 |     5 |       ||    10
       Throwing net      |       |       |     1 |       ||     1
 Cast: Kiss of Death     |     1 |       |       |       ||     1
Invok: Sacrifice Love    |       |     1 |       |       ||     1
       Sacrifice Words   |       |       |     1 |       ||     1
       Reject Sacrifices |       |       |       |     1 ||     1
  Use: Scroll            |     5 |     7 |     6 |     3 ||    21
       Potion            |       |     2 |     8 |    14 ||    24
 Stab: Invisible         |       |       |     3 |       ||     3
       Distracted        |       |       |       |     1 ||     1
       Petrifying        |       |       |       |     2 ||     2
       Petrified         |       |       |       |     1 ||     1
Armor: Leather armour    |     7 |       |       |       ||     7
       Ring mail         |    25 |    16 |       |       ||    41
       Chain mail        |       |    22 |    84 |       ||   106
       Plate armour      |       |       |    78 |   203 ||   281
       Skin              |       |       |    60 |       ||    60
Dodge: Dodged            |    38 |    51 |   129 |   128 ||   346
Block: Other             |    10 |    25 |    82 |    57 ||   174
       Reflection        |       |     1 |     1 |     2 ||     4

Table legend: (Time is in decaauts)
 A = Elapsed time spent in this place.
 B = Non-inter-level travel time spent in this place.
 C = Inter-level travel time spent in this place.
 D = Time resting spent in this place.
 E = Time spent auto-exploring this place.
 F = Levels seen in this place.
 G = Mean time per level.
                   A        B        C        D        E       F      G
               +--------+--------+--------+--------+--------+-----+--------+
         Total |  12016 |  11381 |    635 |   2510 |   6313 |  11 | 1092.4 |
       Dungeon |  11538 |  10903 |    635 |   2510 |   5933 |  10 | 1153.8 |
          Lair |    478 |    478 |      0 |      0 |    379 |   1 |  478.0 |
               +--------+--------+--------+--------+--------+-----+--------+

Top non-repeatable levels by time:
     D:7: 1753 daAuts
     D:9: 1588 daAuts
     D:1: 1561 daAuts
     D:5: 1537 daAuts
     D:6: 1358 daAuts
     D:4: 1162 daAuts
     D:8: 912 daAuts
     D:3: 733 daAuts
     D:2: 498 daAuts
  Lair:1: 478 daAuts
    D:10: 432 daAuts
